 Dungeon Crawl Stone Soup version 0.29-a0-834-g1e95ca9f62 (webtiles) character file.

Game seed: 6213114916268379258

587214 Shayle the Scorcher (level 26, -6/170 HPs)
             Began as a Naga Brigand on July 11, 2022.
             Was a Believer of Ashenzari.
             Killed from afar by a Hell Sentinel (27 damage)
             ... with damnation
             ... on level 4 of the Abyss on July 13, 2022.
             The game lasted 08:10:19 (116023 turns).

Shayle the Scorcher (Naga Brigand)                Turns: 116023, Time: 08:10:20

Health: -6/170     AC: 48    Str:  8 (9)  XL:     26   Next: 87%
Magic:  30/30      EV: 11    Int: 21 (24) God:    Ashenzari [**....]
Gold:   6275       SH: 21    Dex: 19      Spells: 10/58 levels left

rFire   + + .      SeeInvis +   i - +10 morningstar "Eos" {elec, Halo rElec}
rCold   + + +      Faith    .   w - +4 kite shield {AC+3}
rNeg    + . .      Spirit   .   Y - +5 ring mail {rF+}
rPois   +          Reflect  +   V - +2 helmet of Apeoromancy {Int+3, Cun, Bglg} (curse)
rElec   +          Harm     .   c - +2 cloak of Ashenzari's Visionary {Fort, Comp} (curse)
rCorr   +          Rampage  .   N - +2 pair of gloves {Str+3}
Will    ++++.      Archmagi +   a - +10 Black Knight's barding {ponderous, rPois rN+}
Stlth   ++........ Rage     9%  G - amulet of the Cricket {Reflect rC++ Regen+ rCorr Str-4 SH+5}
HPRegen 0.00/turn               s - ring of the Manifest Heavens {Dex+6, Evo, Elem} (curse)
MPRegen 0.22/turn               m - ring of the Mage {Wiz Archmagi}

@: mighty, resistant, on berserk cooldown, sick, inhibited regen, slowed,
glowing, studying 2 skills, unable to read, unable to drink, very slow
A: AC +8, large, see invisible, deformed body, poison resistance, slowness 2,
spit poison 1, naga tail 2, clever 1, deterioration 1, strong-willed 1,
evolution 1, [berserk 2], [dopey 2], [frail 3], [low MP 3], [inhibited
regeneration], ([teleportitis 2]), [weak 2], [subdued magic 3], [inability to
drink while threatened 2], [inability to read while threatened 2]
}: 4/15 runes: barnacled, slimy, silver, gossamer
a: Spit Poison, Renounce Religion, Curse Item, Shatter the Chains


You were on level 4 of the Abyss.
You worshipped Ashenzari.
Ashenzari was pleased with you.
You visited 11 branches of the dungeon, and saw 52 of its levels.
You visited the Abyss 3 times.
You also visited: Trove, Ossuary and Volcano.

You collected 12829 gold pieces.
You spent 6554 gold pieces at shops.

Inventory:

Hand Weapons
 i - the +10 morningstar "Eos" (weapon) {elec, Halo rElec}
   (You took it off a vault warden on level 5 of the Vaults)

   It occasionally discharges a powerful burst of electricity upon striking a
   foe.
   It grants its wielder a halo, increasing accuracy against those within it.
   rElec:     It insulates you from electricity.
 l - the +3 dagger of Arrival {vorpal, rC+ Dex+3}
   (You found it on level 2 of the Elven Halls)

   It inflicts extra damage upon your enemies.
   Dex:       It affects your dexterity (+3).
   rC:        It protects you from cold.
 y - the +5 morningstar of Cula {venom, rF+ rN+ Will+ rCorr}
   (You found it on level 4 of the Lair of Beasts)

   It poisons the flesh of those it strikes.
   rF:        It protects you from fire.
   rN:        It protects you from negative energy.
   rCorr:     It protects you from acid and corrosion.
   Will:      It increases your willpower.
Missiles
 e - 12 curare-tipped darts
 r - 2 throwing nets
 Q - 4 silver boomerangs
 R - 14 silver javelins (quivered)
Armour
 a - the +10 Black Knight's barding (worn) {ponderous, rPois rN+}
   (You bought it in a shop on level 1 of the Shoals)

   rPois:     It protects you from poison.
   rN:        It protects you from negative energy.
 c - the cursed +2 cloak of Ashenzari's Visionary (worn) {Fort, Comp}

   It has a curse which improves the following skills: Fortitude: Armour and
   Shields.
   Companions: Summonings and Necromancy.
 d - quicksilver dragon scales
 w - a +4 kite shield of protection (worn)
 E - a +3 ring mail of cold resistance
 N - a +2 pair of gloves of strength (worn)
 V - the cursed +2 helmet of Apeoromancy (worn) {Int+3, Cun, Bglg}
   (You found it on level 6 of the Lair of Beasts)

   It has a curse which improves the following skills: Cunning: Dodging and
   Stealth.
   Beguiling: Conjurations, Hexes and Translocations.
 Y - a +5 ring mail of fire resistance (worn)
Jewellery
 m - the ring of the Mage (right hand) {Wiz Archmagi}
   (You found it on level 4 of the Lair of Beasts)

   [ring of wizardry]

   It improves your spell success rate.
   Archmagi:  It increases the power of your magical spells.
 s - the cursed ring of the Manifest Heavens (left hand) {Dex+6, Evo, Elem}
   (You found it on level 7 of the Dungeon)

   [ring of dexterity]

   Dex:       It affects your dexterity (+6).
   It has a curse which improves the following skills: Evocations: Evocations.
   Elements:  Fire Magic, Ice Magic, Air Magic and Earth Magic.
 G - the amulet of the Cricket (around neck) {Reflect rC++ Regen+ rCorr Str-4 SH+5}
   (You found it on level 2 of the Crypt)

   [amulet of reflection]

   It reflects blocked missile attacks.
   Str:       It affects your strength (-4).
   rC:        It greatly protects you from cold.
   Regen:     It increases your rate of health regeneration.
   rCorr:     It protects you from acid and corrosion.
   SH:        It affects your SH (+5).
 L - a ring of the Octopus King {Wiz HP+2 AC+2 EV+2 SH+2}
   (You took it off a vault warden on level 5 of the Vaults)

   [ring of wizardry]

   It improves your spell success rate.
   AC:        It affects your AC (+2).
   EV:        It affects your evasion (+2).
   HP:        It affects your health (+2).
   SH:        It affects your SH (+2).
 Z - the ring "Riustruo" {Fly Str-2 Int+7 Dex+7}
   (You found it on level 3 of the Crypt)

   [ring of flight]

   Str:       It affects your strength (-2).
   Int:       It affects your intelligence (+7).
   Dex:       It affects your dexterity (+7).
   Fly:       It grants you flight.
Wands
 t - a wand of mindburst (44)
 v - a wand of iceblast (20)
 F - a wand of digging (13)
 P - a wand of flame (67)
 S - a wand of charming (7)
 U - a wand of light (17)
Scrolls
 b - a scroll of blinking
 k - 9 scrolls of fog
 u - 8 scrolls of magic mapping
 A - 4 scrolls of immolation
 H - 5 scrolls of silence
 K - 11 scrolls of vulnerability
 T - a scroll of fear
 W - 10 scrolls of poison
Potions
 f - 3 potions of magic
 g - 3 potions of might
 h - 2 potions of resistance
 j - 12 potions of haste
 n - 21 potions of curing
 o - 3 potions of ambrosia
 p - 4 potions of mutation
 q - 7 potions of brilliance
 x - 12 potions of lignification
 D - a potion of invisibility
 J - 8 potions of cancellation
 M - 4 potions of berserk rage
Miscellaneous
 X - a condenser vane


   Skills:
 - Level 16.0 Fighting
 - Level 2.1 Short Blades
 - Level 2.0 Throwing
 - Level 10.0(11.2) Armour
 - Level 12.2(13.4) Dodging
 - Level 11.1(12.3) Stealth
 - Level 9.0(10.2) Shields
 - Level 13.9 Unarmed Combat
 + Level 16.7 Spellcasting
 + Level 18.4(19.4) Conjurations
 - Level 5.7(7.0) Summonings
 - Level 5.6(6.8) Necromancy
 - Level 20.3(21.3) Fire Magic
 - Level 7.5(8.8) Ice Magic
 + Level 18.5(19.5) Air Magic
 - Level 11.0(12.2) Earth Magic
 - Level 7.7(9.0) Evocations


You had 10 spell levels left.
You knew the following spells:

 Your Spells              Type           Power      Damage    Failure   Level
a - Frozen Ramparts       Ice            86%        1d10      1%          3
b - Summon Ice Beast      Ice/Summ       40%        N/A       1%          4
c - Airstrike             Air            34%        0-11+     0%          4
d - Stone Arrow           Conj/Erth      100%       3d13      0%          3
e - Sublimation of Blood  Necr           36%        N/A       1%          2
f - Ozocubu's Armour      Ice            43%        N/A       1%          3
g - Fireball              Conj/Fire      34%        3d14      0%          5
h - Ignition              Fire           35%        3d11      3%          8
i - Fire Storm            Conj/Fire      34%        8d9       65%         9
j - Orb of Destruction    Conj           34%        9d10      1%          7

Your spell library contained the following spells:

 Spells                   Type           Power      Damage    Failure   Level
 Sandblast                Erth           100%       2d20      0%          1
 Shock                    Conj/Air       100%       1d9       0%          1
 Scorch                   Fire           100%       2d10      0%          2
 Static Discharge         Conj/Air       68%        3-12/arc  0%          2
 Swiftness                Air            68%        N/A       0%          3
 Flame Wave               Conj/Fire      69%        2d13      0%          4
 Sticky Flame             Conj/Fire      69%        2d8       0%          4
 Iskenderun's Battlesphe  Conj           68%        2d12      0%          5
 Lightning Bolt           Conj/Air       34%        1d51      0%          5
 Freeze                   Ice            100%       1d11      1%          1
 Necrotise                Necr           100%       1d9       1%          1
 Summon Small Mammal      Summ           100%       N/A       1%          1
 Call Imp                 Summ           37%        N/A       1%          2
 Ensorcelled Hibernation  Hex/Ice        56%        N/A       1%          2
 Passwall                 Tmut/Erth      28%        N/A       1%          2
 Poisonous Vapours        Pois/Air       92%        N/A       1%          2
 Call Canine Familiar     Summ           37%        N/A       1%          3
 Summon Guardian Golem    Hex/Summ       25%        N/A       1%          3
 Vampiric Draining        Necr           36%        2d8       1%          3
 Animate Dead             Necr           36%        N/A       1%          4
 Dispel Undead            Necr           36%        3d15      1%          4
 Fulminant Prism          Conj/Hex       23%        3d13      1%          4
 Hailstorm                Conj/Ice       57%        3d12      1%          4
 Iskenderun's Mystic Bla  Conj/Tloc      46%        2d10      1%          4
 Summon Lightning Spire   Summ/Air       55%        N/A       1%          4
 Borgnjor's Vile Clutch   Necr/Erth      22%        N/A       1%          5
 Freezing Cloud           Conj/Ice/Air   30%        6-21      1%          5
 Lee's Rapid Deconstruct  Erth           26%        3d15*     1%          5
 Conjure Ball Lightning   Conj/Air       34%        3x3d11    1%          6
 Starburst                Conj/Fire      34%        6d10      1%          6
 Leda's Liquefaction      Hex/Erth       17%        N/A       2%          4
 Apportation              Tloc           28%        N/A       3%          1
 Slow                     Hex            56%        N/A       3%          1
 Sting                    Tmut/Pois      52%        1d5       3%          1
 Wereblood                Tmut           13%        N/A       5%          2
 Ice Form                 Ice/Tmut       28%        N/A       5%          4
 Agony                    Necr           36%        N/A       6%          5
 Anguish                  Hex/Necr       12%        N/A       9%          4
 Confusing Touch          Hex            14%        N/A       11%         3
 Spider Form              Tmut/Pois      13%        N/A       11%         3
 Spellforged Servitor     Conj/Summ      27%        N/A       13%         7
 Summon Forest            Summ/Tloc      12%        N/A       24%         5
 Summon Mana Viper        Hex/Summ       25%        N/A       24%         5
 Summon Cactus Giant      Summ           18%        N/A       32%         6
 Olgreb's Toxic Radiance  Pois           13%        N/A       36%         4
 Statue Form              Tmut/Erth      22%        N/A       45%         6
 Ozocubu's Refrigeration  Ice            21%        4d9       65%         7
 Alistair's Intoxication  Tmut/Pois      8%         N/A       71%         5
 Chain Lightning          Conj/Air       34%        3d45      78%         9
 Monstrous Menagerie      Summ           18%        N/A       88%         7
 Summon Hydra             Summ           18%        N/A       88%         7
 Haunt                    Necr/Summ      18%        N/A       89%         7
 Enfeeble                 Hex            7%         N/A       100%        7
 Borgnjor's Revivificati  Necr           18%        N/A       100%        8
 Infestation              Necr           18%        N/A       100%        8
 Necromutation            Tmut/Necr      12%        N/A       100%        8
 Death's Door             Necr           18%        N/A       100%        9
 Shatter                  Erth           26%        3d22*     100%        9


Dungeon Overview and Level Annotations

Branches:
Dungeon (15/15)            Temple (0/1) D:7            Lair (6/6) D:11
 Shoals (4/4) Lair:2       Spider (4/4) Lair:2        Slime (5/5) Lair:5
    Orc (2/2) D:10            Elf (3/3) Orc:2        Vaults (5/5) D:13
  Crypt (3/3) Vaults:2       Tomb (0/3) Crypt:3      Depths (4/4) D:15
   Hell (visited)             Zot (0/5) Depths:4    Ossuary (visited)
Volcano (visited)
    Dis: Hell:1         Geh: Hell:1         Coc: Hell:1         Tar: Hell:1

Altars:
Ashenzari
Elyvilon
Fedhas
Gozag
Hepliaklqana
Kikubaaqudgha
Nemelex Xobeh
Okawaru
Qazlal
Vehumet
Wu Jian
Xom
Yredelemnul
Zin
The Shining One
Jiyva

Shops:
D:1 *   D:3 :   D:13 =   Orc:2 ((?[   Elf:2 *   Shoals:1 [   Shoals:2 *!:!!
Depths:3 *(:*==

Portals:
Hell: Depths:1 Depths:2 Depths:3 Depths:4
Abyss: Depths:1 Depths:2 Depths:3
Pandemonium: Depths:1 Depths:2
Ziggurat: Depths:3

Annotations:
Elf:1 6 runed translucent doors
Vaults:2 exclusion: door
Hell Geryon


Innate Abilities, Weirdness & Mutations

Your serpentine skin is tough. (AC +8)
You have supernaturally acute eyesight. (SInv)
Armour fits poorly on your strangely shaped body.
Your system is resistant to poisons. (rPois)
You cover ground very slowly.
You can spit poison.
You can use your snake-like lower body to constrict enemies.
Your mind is acute. (Int +4, Str/Dex -1)
Your body sometimes deteriorates upon taking damage.
You are strong-willed. (Will+)
You have hidden genetic potential.
[You have an uncontrollable temper.]
[You are very dopey. (Int -4)]
[You are extremely frail. (-30% HP)]
[Your magical capacity is extremely low. (-30% MP)]
[You do not regenerate when monsters are visible.]
[((You are often teleported next to monsters.))]
[You are very weak. (Str -4)]
[Your spells are much easier to cast, but much less powerful.]
[You sometimes lose the ability to drink potions when taking damage.]
[You sometimes lose the ability to read scrolls when taking damage.]


Message History

The lich points at you and mumbles some strange words.
The bolt of cold hits the wretched star!!
The wretched star resists.
The bolt of cold hits the Hell Sentinel.
The Hell Sentinel completely resists.
The bolt of cold misses you.
You puncture the Hell Sentinel!
The Hell Sentinel is moderately wounded.
You constrict the Hell Sentinel.
The wretched star pulses with an eldritch light!
You feel stupid. x2
The Hell Sentinel closely misses you.
The Hell Sentinel hits you but does no damage.
The lich is engulfed in a cloud of scalding steam.
The lich mumbles some strange words.
The lich flickers and vanishes for a moment.
You block the Hell Sentinel's attack. The Hell Sentinel hits you!
You feel threatened and lose the ability to drink potions!
* * * LOW HITPOINT WARNING * * *
The smoke demon gestures at you. Something smites you!
* * * LOW HITPOINT WARNING * * *
Unknown command.
You sock the Hell Sentinel!
The Hell Sentinel is moderately wounded.
You can drink potions again.
You constrict the Hell Sentinel. The Hell Sentinel hits you!
You feel threatened and lose the ability to drink potions!
* * * LOW HITPOINT WARNING * * *
You block the Hell Sentinel's attack.
The Hell Sentinel hits you but does no damage.
You block the Hell Sentinel's attack.
The Hell Sentinel hits you but does no damage. x2
The lich casts a spell.
The lich seems to speed up.
As you read the scroll of summoning, it crumbles to dust.
Wisps of shadow whirl around you...
You constrict the Hell Sentinel. The Hell Sentinel gestures at you.
The sphere of damnation explodes!
The damnation engulfs you!!
You feel threatened and lose the ability to read scrolls!
You die...

, * , , , ,
#. , * , .
, , , # , *
* , ,* . *,
*, ,### #
*. *
#1##.##...#
#* ,* #1@#
.. *. .
....*L### #
...# ,
....X{ #.x#
# # # ,
...#, #...
. . #.# ,
.. .###.#
#.###, , .
, * .#* .
.# ##. * #
. .# *# # ,
,* ## , #.
# . , * * #
., ##. #,


You could see a Hell Sentinel (ally target), a lich (fast, invisible), a
wretched star, a large abomination and a friendly Hell Sentinel (summoned).

Vanquished Creatures
  the Royal Jelly (Slime:5)
  A dread lich (Abyss:4)
  A juggernaut (Depths:4)
  Sojobo (Crypt:2)
  Boris (twice) (Vaults:5 Depths:3)
  Bai Suzhen (Crypt:2)
  Saint Roka (Depths:3)
  5 golden dragons
  2 profane servitors
  A bone dragon (Crypt:3)
  A doom hound (Crypt:2)
  2 tentacled monstrosities
  A walking crystal tome (Depths:3)
  4 liches
  8 titans (Vaults:5)
  A Hell Sentinel (Abyss:4)
  2 deep elf master archers (Elf:3)
  3 deep elf blademasters
  4 ancient champions
  Polyphemus (Shoals:2)
  6 tentacled starspawn
  17 acid blobs
  Agnes (D:15)
  6 sphinxes
  5 tengu reavers
  Kirke (Spider:2)
  Gastronok (Orc:1)
  Frances (Shoals:2)
  A storm dragon (Depths:4)
  Roxanne (Shoals:1)
  4 revenants
  10 rockslimes
  7 shadow dragons
  9 azure jellies
  7 fire giants
  A fenstrider witch (Shoals:4)
  3 iron dragons
  2 draconian knights (Depths:4)
  5 deep elf sorcerers
  Aizul (Elf:2)
  2 balrugs
  8 frost giants
  7 emperor scorpions
  A curse skull (Crypt:3)
  2 orc warlords
  Louise (Shoals:2)
  A juggernaut zombie (Crypt:2)
  4 deep elf elementalists (Elf:3)
  11 vault wardens
  2 angels
  4 ghost moths
  A reaper (Crypt:2)
  A quicksilver ooze (shapeshifter) (Vaults:5)
  4 broodmothers
  11 ghouls
  3 war gargoyles (Vaults:5)
  14 quicksilver oozes
  41 very ugly things
  23 ironbound preservers
  7 vampire knights
  6 deep elf demonologists
  12 stone giants
  2 ironbound thunderhulks
  A putrid mouth (Crypt:2)
  8 deep elf annihilators (Elf:3)
  A green draconian (Depths:4)
  5 spark wasps
  A spectral titan (Crypt:3)
  A white draconian (Depths:4)
  Azrael (D:14)
  5 entropy weavers
  2 spectral hellephants (Crypt:2)
  A black draconian (Depths:4)
  A purple draconian (Depths:4)
  15 dire elephants
  5 merfolk javelineers
  2 red draconians (Depths:4)
  A green death (Abyss:4)
  9 ettins
  8 deep elf death magi
  3 fire dragons
  4 merfolk impalers
  23 jiangshi
  7 great orbs of eyes
  7 deep elf high priests
  6 rakshasas
  17 yaktaur captains
  7 ice dragons
  Harold (D:10)
  11 hydras
  11 boulder beetles
  25 vault guards
  2 radroaches
  A peacekeeper (Vaults:4)
  Fannar (Orc:1)
  3 merfolk avatars (Shoals:4)
  A hell beast (Depths:3)
  3 catoblepae
  A radroach (shapeshifter) (Depths:4)
  4 two-headed ogres
  16 centaur warriors
  2 ogre magi (Vaults:5)
  A jorogumo (Spider:2)
  A spriggan skeleton (Crypt:2)
  2 alligator snapping turtles
  9 merfolk aquamancers
  11 ironbound frosthearts
  4 death knights
  26 dancing weapons
  14 death yaks
  8 deep troll shamans
  2 spectral elves (Crypt:2)
  3 tengu warriors
  A bennu skeleton (Crypt:2)
  6 deep troll earth magi
  7 vampire magi
  6 hell hogs
  3 spriggan berserkers
  8 thrashing horrors
  6 orc high priests
  16 deep elf knights
  Nergalle (D:12)
  5 hell knights
  6 soul eaters
  3 sun demons
  7 iron trolls
  5 pharaoh ants
  27 skeletal warriors
  A bunyip zombie (Crypt:2)
  A salamander mystic (Volcano)
  16 sea snakes
  11 orb spiders
  A golden dragon zombie (Crypt:2)
  3 wretched stars
  An obsidian statue (D:15)
  3 spriggan simulacra
  10 steelbarb worms
  88 deep trolls
  11 deep elf archers
  4 glowing orange brains
  16 lindwurms
  3 bog bodies (Crypt:2)
  6 flayed ghosts
  12 large abominations
  14 orc knights
  7 harpies
  25 deep elf zephyrmancers
  9 phantasmal warriors
  13 ironbound convokers
  6 wizards
  27 deep elf pyromancers
  3 necromancers
  18 wolf spiders
  Pikel (D:8)
  9 shining eyes
  7 fauns
  A moth of wrath (shapeshifter) (Vaults:5)
  8 cyclopes
  A stone giant zombie (Crypt:1)
  45 ugly things
  3 salamanders (Volcano)
  7 orc sorcerers
  5 moths of wrath
  13 manticores
  A worldbinder (Abyss:3)
  Maurice (D:8)
  21 elephants
  6 water nymphs
  4 black mambas
  An apocalypse crab (Abyss:4)
  5 eyes of devastation
  7 smoke demons
  9 merfolk sirens
  23 vault sentinels
  14 cane toads
  9 torpor snails
  An unseen horror (D:12)
  A pale draconian zombie (Crypt:1)
  A gargoyle (D:11)
  A rime drake (Lair:4)
  An unseen horror zombie (Crypt:1)
  An orange demon (Abyss:3)
  30 yaktaurs
  7 komodo dragons
  11 demonic crawlers
  An anaconda simulacrum (Crypt:1)
  A catoblepas skeleton (Crypt:1)
  An efreet (D:15)
  5 freezing wraiths
  A red draconian zombie (Crypt:1)
  5 ancient zymes
  An iron troll zombie (Crypt:2)
  2 tengu conjurers
  A merfolk (shapeshifter) (D:15)
  2 hellwings
  A yellow draconian skeleton (Crypt:2)
  10 meliai
  4 trolls
  6 wind drakes
  21 merfolk
  9 hornets
  A troll (shapeshifter) (Depths:3)
  33 tarantellas
  5 polar bears (D:8)
  A harpy skeleton (Crypt:1)
  4 tyrant leeches (Lair:6)
  A tarantella (shapeshifter) (D:11)
  5 blink frogs
  10 raiju
  7 dream sheep
  89 slime creatures
  Sigmund (D:3)
  56 flying skulls
  10 snapping turtles
  26 jumping spiders
  5 shadows
  2 air elementals
  13 starcursed masses
  22 water elementals
  22 culicivoras
  4 basilisks
  32 yaks
  An ettin skeleton (Crypt:3)
  8 fire elementals
  14 wraiths
  5 ynoxinuls
  7 wyverns
  13 golden eyes
  6 neqoxecs
  7 hogs
  3 steam dragons
  51 redbacks
  7 vampire mosquitoes
  A chaos spawn (Abyss:4)
  4 wargs
  A harpy simulacrum (Abyss:4)
  3 acid dragons
  Duvessa (D:7)
  A demonspawn zombie (Crypt:2)
  A hell hound (D:14)
  15 water moccasins
  A floating eye (Depths:4)
  42 orc warriors
  A sky beast (D:6)
  A hornet zombie (Ossuary)
  An ice beast (Abyss:3)
  A floating eye zombie (Crypt:2)
  7 black bears
  7 ogres
  A wolf (Lair:6)
  5 boggarts
  7 centaurs
  A phantom (D:5)
  3 kobold brigands
  2 nameless horrors
  Blork the orc (D:5)
  16 bullfrogs
  7 necrophages
  2 wyvern zombies (Ossuary)
  An elf skeleton (Crypt:2)
  2 gnoll sergeants
  2 scorpions
  6 small abominations
  A water moccasin zombie (Ossuary)
  Dowan (D:7)
  2 earth elementals
  13 wights
  8 killer bees
  4 howler monkeys (D:8)
  An electric eel (Spider:4)
  6 centaur zombies (Ossuary)
  6 bullfrog zombies (Ossuary)
  A quasit (Abyss:4)
  Crazy Yiuf (D:7)
  8 hounds
  5 jellies
  3 iguanas
  26 orc priests
  An iron imp (Abyss:4)
  14 orc wizards
  A killer bee zombie (Ossuary)
  A deep dwarf skeleton (Crypt:1)
  14 mummies (Ossuary)
  2 howler monkey zombies (Ossuary)
  Robin (D:3)
  12 gnolls
  3 adders
  A swamp drake zombie (Crypt:2)
  A shadow imp (D:7)
  A swamp drake skeleton (Crypt:1)
  2 white imps (D:5)
  An ufetubus (D:6)
  2 worms (D:2)
  3 dart slugs (D:1)
  81 orcs
  7 ball pythons
  9 bats
  A bat zombie (Crypt:1)
  5 endoplasms
  2 giant cockroaches (D:2)
  14 goblins
  8 hobgoblins
  3 jackals (D:1)
  2 quokkas
  4 frilled lizards
  A goblin skeleton (Crypt:2)
  18 kobolds
  13 rats
  5 starspawn tentacles
2280 creatures vanquished.

Vanquished Creatures (collateral kills)
  2 bone dragons (Crypt:2)
  A vault warden (Vaults:5)
  A putrid mouth (Crypt:2)
  Snorg (D:13)
  A merfolk javelineer (Shoals:4)
  A deep elf high priest (Vaults:5)
  A hydra (Lair:4)
  A two-headed ogre (D:11)
  3 death yaks (Lair:6)
  A sea snake (Shoals:3)
  An orc knight (Orc:2)
  2 fauns (Shoals:3)
  2 salamanders (Volcano)
  A manticore (Shoals:4)
  2 ugly things
  2 elephants (Lair:5)
  A black mamba (Lair:3)
  A gargoyle (D:11)
  A cane toad (Lair:5)
  A komodo dragon (Lair:1)
  2 blink frogs
  2 dream sheep (Shoals:3)
  A wyvern (Lair:3)
  A wraith (D:11)
  A warg (Orc:1)
  4 water moccasins
  2 orc warriors
  A centaur (D:10)
  2 bullfrogs
  3 killer bees
46 creatures vanquished.

Vanquished Creatures (others)
  A deep elf knight (Elf:1)
  A deep troll (Vaults:5)
  2 deep elf zephyrmancers (Elf:2)
  A manticore (Shoals:2)
  A black mamba (Lair:6)
  A torpor snail (Spider:1)
  A komodo dragon (shapeshifter) (Elf:1)
  A water elemental (Elf:1)
  An orc warrior (Orc:1)
  A quasit (Abyss:3)
  An orc priest (Orc:2)
  A demonic plant (Abyss:4)
  38 fungi
  152 plants
  16 starspawn tentacles
  8 tentacles (Shoals:4)
  4 withered plants (Ossuary)
231 creatures vanquished.

Grand Total: 2557 creatures vanquished

Notes
Turn   | Place    | Note
-------+----------+-------------------------------------------
     0 | D:1      | Shayle the Naga Brigand began the quest for the Orb.
     0 | D:1      | Reached XP level 1. HP: 19/19 MP: 1/1
   113 | D:1      | Reached skill level 1 in Dodging
   113 | D:1      | Reached XP level 2. HP: 17/26 MP: 2/2
   319 | D:1      | Found Hyufobith's Assorted Antiques.
   517 | D:1      | Reached XP level 3. HP: 33/33 MP: 3/3
  1029 | D:1      | Found a faded altar of an unknown god.
  1167 | D:2      | Learned a level 3 spell: Frozen Ramparts
  1213 | D:2      | Reached skill level 1 in Spellcasting
  1465 | D:2      | Reached XP level 4. HP: 40/40 MP: 5/5
  1874 | D:3      | Noticed Robin
  1900 | D:3      | Killed Robin
  1901 | D:3      | Reached skill level 1 in Ice Magic
  2023 | D:3      | Identified the +6 mace of Giorot {venom, Str+9}
  2382 | D:3      | Found Iromizuto's Book Shoppe.
  2555 | D:3      | Reached XP level 5. HP: 49/49 MP: 7/7
  2632 | D:3      | Noticed Sigmund
  2687 | D:3      | Killed Sigmund
  2688 | D:3      | Reached XP level 6. HP: 52/56 MP: 7/9
  3115 | D:4      | Found a blossoming altar of Fedhas.
  3175 | D:4      | Found a stormy altar of Qazlal.
  3438 | D:4      | You fall into a shaft and drop 2 floors!
  3438 | D:6      | Found a broken altar of Ashenzari.
  3477 | D:6      | Reached XP level 7. HP: 47/64 MP: 11/11
  3780 | D:6      | Reached XP level 8. HP: 47/73 MP: 13/13
  3836 | D:5      | Entered Level 5 of the Dungeon
  3942 | D:5      | Found a glowing golden altar of the Shining One.
  3952 | D:5      | Reached skill level 5 in Fighting
  5045 | D:5      | Reached skill level 10 in Stealth
  5061 | D:5      | Found a hazy altar of Hepliaklqana.
  5239 | D:5      | Noticed Blork the orc
  5247 | D:5      | Killed Blork the orc
  5361 | D:5      | Reached skill level 5 in Ice Magic
  5361 | D:5      | Reached XP level 9. HP: 77/82 MP: 16/16
  5398 | D:5      | Reached skill level 5 in Spellcasting
  5988 | D:6      | Became a worshipper of Ashenzari the Shackled
  6030 | D:6      | Found a shimmering altar of Xom.
  6689 | D:7      | Found a runed translucent door.
  6690 | D:7      | Noticed Crazy Yiuf
  6768 | D:7      | Found a staircase to the Ecumenical Temple.
  6883 | D:7      | Noticed Duvessa
  6888 | D:7      | Noticed Dowan
  6897 | D:7      | Killed Duvessa
  6902 | D:7      | Killed Dowan
  7032 | D:7      | Found a glowing silver altar of Zin.
  7033 | D:7      | Found an opulent altar of Gozag.
  7033 | D:7      | Found an ornate altar of the Wu Jian Council.
  7034 | D:7      | Found a white marble altar of Elyvilon.
  7034 | D:7      | Found a sparkling altar of Nemelex Xobeh.
  7035 | D:7      | Found an iron altar of Okawaru.
  7044 | D:7      | Reached skill level 1 in Summonings
  7044 | D:7      | Reached skill level 1 in Necromancy
  7230 | D:8      | Noticed a hornet
  7234 | D:8      | Killed a hornet
  7235 | D:8      | Reached skill level 1 in Armour
  7241 | D:8      | Found a huge runed translucent gate.
  7241 | D:8      | Found a huge runed translucent gate.
  7242 | D:8      | Found a huge runed translucent gate.
  7242 | D:8      | Noticed a polar bear
  7242 | D:8      | Noticed a death yak
  7254 | D:8      | Found a huge runed translucent gate.
  7254 | D:8      | Noticed a polar bear
  7263 | D:8      | Found a sand-covered staircase.
  7269 | Ossuary  | Entered an ossuary
  7481 | Ossuary  | Reached XP level 10. HP: 83/92 MP: 18/18
  7607 | Ossuary  | Identified the cursed +2 cloak of Ashenzari's Visionary
                  | {Fort, Comp}
  8789 | D:8      | Found a basalt altar of Yredelemnul.
  8792 | D:8      | Noticed Pikel
  9313 | D:8      | Killed Pikel
  9623 | D:8      | Noticed Maurice
  9638 | D:8      | Killed Maurice
  9800 | D:9      | Reached XP level 11. HP: 78/103 MP: 13/21
 10161 | D:9      | Upgraded the game from 0.29-a0-824-gd827844252 to
                  | 0.29-a0-830-gcb1280458a
 10905 | D:10     | Entered Level 10 of the Dungeon
 10923 | D:10     | Found a portal to a secret trove of treasure.
 10960 | D:10     | Learned a level 4 spell: Summon Ice Beast
 10994 | D:10     | Learned a level 4 spell: Airstrike
 11016 | D:10     | Found a staircase to the Orcish Mines.
 11036 | D:10     | Reached skill level 5 in Summonings
 11209 | D:10     | Identified the +10 rapier of Annihilation {freeze, rPois
                  | rCorr}
 11449 | D:10     | Reached skill level 5 in Necromancy
 11449 | D:10     | Reached skill level 1 in Air Magic
 11517 | D:10     | Noticed Harold
 11544 | D:10     | Identified the +1 pair of gloves of the Swamp {Dex+6}
 11636 | D:11     | Noticed a two-headed ogre
 11636 | D:11     | Noticed a two-headed ogre
 11656 | D:11     | Killed a two-headed ogre
 11732 | D:11     | Killed a two-headed ogre
 11922 | D:11     | Noticed a red ugly thing
 11949 | D:11     | Found a staircase to the Lair.
 11959 | Lair:1   | Entered Level 1 of the Lair of Beasts
 12585 | Lair:1   | Reached XP level 12. HP: 73/112 MP: 12/23
 12919 | Lair:1   | Noticed a six-headed hydra
 12941 | Lair:1   | Killed a six-headed hydra
 12942 | Lair:1   | Reached skill level 5 in Armour
 13330 | Lair:2   | Found a hole to the Spider Nest.
 13504 | Lair:2   | Found a staircase to the Shoals.
 13764 | Lair:2   | Noticed a seven-headed hydra
 14174 | Lair:2   | Noticed a six-headed hydra
 14187 | Lair:2   | Killed a six-headed hydra
 14654 | Lair:2   | Killed a seven-headed hydra
 15114 | Lair:3   | Noticed a seven-headed hydra
 15123 | Lair:3   | Killed a seven-headed hydra
 15128 | Lair:3   | Reached skill level 5 in Air Magic
 15174 | Lair:3   | Found a dark tunnel.
 15195 | Volcano  | Entered a volcano
 15277 | Volcano  | Noticed a hell knight
 15280 | Volcano  | Killed a hell knight
 15719 | Volcano  | Reached skill level 10 in Fighting
 16181 | Lair:3   | Gained mutation: You can use your snake-like lower body to
                  | constrict enemies. [Naga growth]
 16181 | Lair:3   | Reached XP level 13. HP: 87/123 MP: 8/26
 17501 | Lair:4   | You fall into a shaft and drop 2 floors!
 17501 | Lair:6   | Entered Level 6 of the Lair of Beasts
 17523 | Lair:5   | Found the +3 pair of seven-league boots {Rampage+∞}
 18959 | Lair:4   | Found the ring of the Mage {Wiz Archmagi}
 18986 | Lair:4   | Reached skill level 10 in Spellcasting
 19273 | Lair:4   | Identified the +5 morningstar of Cula {venom, rF+ rN+ Will+
                  | rCorr}
 21128 | D:12     | Noticed Nergalle
 21138 | D:12     | Killed Nergalle
 21610 | D:3      | Bought a book of Geomancy for 216 gold pieces
 21610 | D:3      | Bought a book of Death for 528 gold pieces
 21614 | D:3      | Learned a level 3 spell: Stone Arrow
 21617 | D:3      | Learned a level 2 spell: Sublimation of Blood
 22421 | D:12     | Reached XP level 14. HP: 45/135 MP: 16/28
 23985 | Lair:5   | Found a viscous altar of Jiyva.
 23986 | Lair:5   | Found a staircase to the Slime Pits.
 24667 | Lair:5   | Learned a level 3 spell: Ozocubu's Armour
 24837 | Lair:5   | Reached * piety under Ashenzari
 25550 | Lair:6   | Reached skill level 1 in Earth Magic
 25550 | Lair:6   | Reached skill level 1 in Evocations
 26001 | Lair:6   | Noticed a dire elephant
 26027 | Lair:6   | Killed a dire elephant
 27205 | Lair:6   | Found a runed translucent door.
 27845 | Lair:6   | Reached XP level 15. HP: 140/146 MP: 24/30
 29099 | Orc:1    | Entered Level 1 of the Orcish Mines
 29183 | Orc:1    | Noticed an orc warlord
 29205 | Orc:1    | Killed an orc warlord
 29569 | Orc:1    | Noticed Fannar
 29610 | Orc:1    | Killed Fannar
 30458 | Orc:2    | Entered Level 2 of the Orcish Mines
 30720 | Orc:2    | Reached skill level 10 in Air Magic
 32138 | Orc:2    | Reached skill level 5 in Evocations
 32432 | Orc:2    | Found a staircase to the Elven Halls.
 33085 | Orc:2    | Found Noir Zexoko's Antique Weapon Emporium.
 33085 | Orc:2    | Found Xaimnid's Antique Weapon Emporium.
 33086 | Orc:2    | Found Hyashruu's Magic Scroll Shoppe.
 33086 | Orc:2    | Found Junieph's Antique Armour Emporium.
 33102 | Orc:2    | Bought a scroll of enchant armour for 112 gold pieces
 33102 | Orc:2    | Bought a scroll of blinking for 112 gold pieces
 33102 | Orc:2    | Bought a scroll of teleportation for 45 gold pieces
 33102 | Orc:2    | Bought a scroll of fog for 60 gold pieces
 33182 | Orc:1    | Noticed Gastronok
 33192 | Orc:1    | Killed Gastronok
 33643 | Shoals:1 | Entered Level 1 of the Shoals
 33650 | Shoals:1 | Reached skill level 5 in Earth Magic
 33792 | Shoals:1 | Found Wobre's Antique Armour Emporium.
 34108 | D:13     | Noticed Snorg
 34115 | D:13     | Killed Snorg
 35115 | D:13     | Found Epounuop's Jewellery Boutique.
 35590 | D:13     | Found a gate to the Vaults.
 35779 | D:14     | Reached XP level 16. HP: 157/157 MP: 10/32
 36750 | Shoals:1 | Bought the +10 Black Knight's barding {ponderous, rPois
                  | rN+} for 2092 gold pieces
 36750 | Shoals:1 | Found the +10 Black Knight's barding {ponderous, rPois rN+}
 36908 | Shoals:1 | Reached skill level 1 in Shields
 36974 | Shoals:1 | Reached ** piety under Ashenzari
 37453 | Shoals:1 | Reached skill level 10 in Armour
 38227 | Shoals:1 | Noticed Roxanne
 38249 | Shoals:1 | Killed Roxanne
 38588 | Shoals:2 | Found Hesmyu's General Store.
 38717 | Shoals:2 | Found Eradu's Distillery.
 39249 | Shoals:2 | Bought a scroll of teleportation for 39 gold pieces
 39271 | Shoals:2 | Noticed Louise
 39277 | Shoals:2 | Killed Louise
 39284 | Shoals:2 | Found Oneb's Book Emporium.
 39561 | Shoals:2 | Found Kuwnekic's Distillery.
 39591 | Shoals:2 | Found Baon's Distillery.
 39844 | Shoals:2 | Noticed Frances
 39857 | Shoals:2 | Killed Frances
 40331 | Shoals:2 | Noticed Polyphemus
 40346 | Shoals:2 | Killed Polyphemus
 42838 | Shoals:3 | Reached XP level 17. HP: 163/166 MP: 1/33
 43165 | Shoals:4 | Entered Level 4 of the Shoals
 43419 | Shoals:4 | Identified the +6 dire flail of the Big Bang {antimagic,
                  | Will+}
 43574 | Shoals:4 | Identified the +4 trident of Xom, Gazing {flame, +Blink
                  | rElec}
 43588 | Shoals:4 | Reached skill level 5 in Dodging
 43912 | Shoals:4 | Identified the +4 glaive of Ancient Evil {venom, rElec MP+9
                  | Int-4}
 44540 | Shoals:4 | Noticed a kraken
 45004 | Shoals:4 | Got a barnacled rune of Zot
 45870 | Spider:1 | Entered Level 1 of the Spider Nest
 45883 | Spider:1 | Reached skill level 15 in Fighting
 47061 | Spider:1 | Reached skill level 10 in Earth Magic
 48489 | Spider:2 | Noticed Kirke
 48503 | Spider:2 | Killed Kirke
 49063 | Spider:2 | Reached XP level 18. HP: 181/181 MP: 24/34
 50652 | Spider:3 | Identified the +10 great sword of Reason {spect, *Slow rN+
                  | Int+2}
 51106 | Spider:3 | Reached skill level 1 in Unarmed Combat
 51114 | Spider:3 | Reached skill level 1 in Conjurations
 52031 | D:7      | Killed Crazy Yiuf
 52240 | D:10     | Killed Harold
 52595 | Spider:4 | Entered Level 4 of the Spider Nest
 54240 | Spider:4 | Reached skill level 5 in Unarmed Combat
 55450 | Spider:4 | Reached skill level 5 in Conjurations
 55985 | Spider:4 | Got a gossamer rune of Zot
 56774 | Elf:1    | Entered Level 1 of the Elven Halls
 56921 | Elf:1    | Reached XP level 19. HP: 136/188 MP: 31/35
 57111 | Elf:1    | Identified the +9 quarterstaff of Feleduru {protect, rElec
                  | Int+5}
 57798 | Elf:1    | Found a runed translucent gate.
 57798 | Elf:1    | Found a runed translucent gate.
 57798 | Elf:1    | Found a runed translucent gate.
 57798 | Elf:1    | Found a runed translucent gate.
 57798 | Elf:1    | Found a runed translucent gate.
 57802 | Elf:1    | Found a runed translucent gate.
 58899 | Elf:1    | Reached skill level 10 in Unarmed Combat
 59255 | Shoals:2 | Bought a potion of curing for 57 gold pieces
 59255 | Shoals:2 | Bought 2 potions of heal wounds for 190 gold pieces
 59261 | Shoals:2 | Bought 2 potions of heal wounds for 210 gold pieces
 59261 | Shoals:2 | Bought a potion of heal wounds for 105 gold pieces
 59261 | Shoals:2 | Bought a potion of curing for 63 gold pieces
 59261 | Shoals:2 | Bought a potion of curing for 63 gold pieces
 59261 | Shoals:2 | Bought a potion of heal wounds for 105 gold pieces
 59261 | Shoals:2 | Bought a potion of heal wounds for 105 gold pieces
 59267 | Shoals:2 | Bought a potion of might for 76 gold pieces
 59267 | Shoals:2 | Bought a potion of might for 76 gold pieces
 59294 | Shoals:2 | Bought a potion of curing for 45 gold pieces
 59294 | Shoals:2 | Bought a potion of curing for 45 gold pieces
 59520 | Elf:2    | Found Giworr's General Store.
 59551 | Elf:2    | Reached skill level 10 in Dodging
 60189 | Elf:2    | Noticed Aizul
 60203 | Elf:2    | Killed Aizul
 60991 | Elf:2    | Identified the +2 ring mail of Beducs {Rampage}
 61144 | Elf:2    | Found a radiant altar of Vehumet.
 61658 | Elf:2    | Found a radiant altar of Vehumet.
 61723 | Elf:2    | Identified the +3 dagger of Arrival {vorpal, rC+ Dex+3}
 61981 | Elf:2    | Found a runed translucent gate.
 61982 | Elf:2    | Found a runed translucent gate.
 61982 | Elf:2    | Found a runed translucent gate.
 63275 | Elf:3    | Entered Level 3 of the Elven Halls
 64180 | Elf:3    | Identified the +9 long sword "Lyes" {drain, rPois rF+ rN+}
 64181 | Elf:3    | Reached XP level 20. HP: 123/196 MP: 7/36
 64754 | Elf:3    | Identified the +4 bardiche "Murmur" {antimagic, rF+ Stlth+}
 64754 | Elf:3    | Identified the +4 leather armour of the Lily {rN+ SInv}
 64774 | Elf:3    | Identified the +9 battleaxe of the Keeping Seer {flame,
                  | +Blink rF+ rN+}
 65140 | Elf:3    | Paralysed by an air elemental for 1 turns
 65355 | Elf:3    | Identified the +1 ice dragon scales "Lifusmon" {Contam
                  | rPois rF- rC++ Int+4 Slay+5}
 65367 | Elf:3    | Identified the ring "Bid Akit" {rPois rF+ rN+ Int+2}
 65635 | Elf:3    | Identified the +3 scale mail of Agoovis {rN++ Str+2 Int-3
                  | Stlth+}
 65640 | Elf:3    | Found the +0 staff of Battle
 66376 | D:14     | Reached skill level 10 in Conjurations
 67029 | D:14     | Noticed Azrael
 67036 | D:14     | Killed Azrael
 67795 | D:14     | Found a glowing golden altar of the Shining One.
 67840 | D:15     | Entered Level 15 of the Dungeon
 68177 | D:15     | Noticed Agnes
 68187 | D:15     | Killed Agnes
 68485 | D:15     | Identified Aseyk's Cyclopedia of the Throng
 68504 | D:15     | Learned a level 5 spell: Fireball
 68531 | D:15     | Reached skill level 1 in Fire Magic
 69600 | D:15     | Reached skill level 2 in Fire Magic
 69718 | D:15     | Found a staircase to the Depths.
 69867 | Vaults:1 | Entered Level 1 of the Vaults
 70021 | Vaults:1 | Reached skill level 3 in Fire Magic
 70295 | Vaults:1 | Reached skill level 4 in Fire Magic
 70865 | Vaults:1 | Reached skill level 5 in Fire Magic
 71320 | Vaults:1 | Reached skill level 6 in Fire Magic
 71333 | Vaults:1 | Reached skill level 7 in Fire Magic
 71734 | Vaults:1 | Reached XP level 21. HP: 192/205 MP: 37/37
 72361 | Vaults:1 | Reached skill level 8 in Fire Magic
 72488 | Vaults:2 | Learned a level 8 spell: Ignition
 72622 | Vaults:2 | Reached skill level 9 in Fire Magic
 73269 | Vaults:2 | Reached skill level 10 in Fire Magic
 73758 | Vaults:2 | Reached skill level 11 in Fire Magic
 74763 | Vaults:2 | Found a staircase to the Crypt.
 74763 | Vaults:2 | Found an ancient bone altar of Kikubaaqudgha.
 74764 | Vaults:2 | Found a basalt altar of Yredelemnul.
 75007 | Vaults:2 | Reached skill level 12 in Fire Magic
 76230 | Vaults:2 | Reached skill level 13 in Fire Magic
 78083 | Vaults:3 | Reached skill level 14 in Fire Magic
 78090 | Vaults:3 | Reached XP level 22. HP: 122/213 MP: 31/38
 79081 | Vaults:4 | Identified the +0 ring mail of Sufficient the Good {Int+3}
 79397 | Vaults:4 | Reached skill level 15 in Fire Magic
 80129 | Shoals:2 | Bought a manual of Fire Magic for 1360 gold pieces
 80927 | Vaults:4 | Reached skill level 16 in Fire Magic
 81436 | Vaults:5 | Entered Level 5 of the Vaults
 81438 | Vaults:5 | Reached skill level 17 in Fire Magic
 81439 | Vaults:5 | Reached skill level 18 in Fire Magic
 81649 | Vaults:5 | Reached skill level 19 in Fire Magic
 81695 | Vaults:5 | Identified the ring of Attitude {Will+ rCorr Str-5 Int-2
                  | SInv}
 82111 | Vaults:5 | Found the ring of the Octopus King {Wiz HP+2 AC+2 EV+2
                  | SH+2}
 82391 | Vaults:5 | Upgraded the game from 0.29-a0-830-gcb1280458a to
                  | 0.29-a0-834-g1e95ca9f62
 82960 | Vaults:5 | Learned a level 9 spell: Fire Storm
 83114 | Vaults:5 | Identified the +6 broad axe "Byefreov" {speed, Str+3}
 83602 | Vaults:5 | Reached skill level 20 in Fire Magic
 84128 | Vaults:5 | Identified the +6 chain mail of Plasticity {Int+4}
 84394 | Vaults:5 | Noticed Boris
 84400 | Vaults:5 | Identified the amulet "Xomuv" {Faith rF++}
 84459 | Vaults:5 | Reached XP level 23. HP: 28/220 MP: 10/39
 85688 | Vaults:5 | Identified the +8 dagger "Nelacw" {flame, +Blink rN+ Int-2}
 85730 | Vaults:5 | Identified a scroll of acquirement
 85733 | Vaults:5 | Acquired 1050 gold pieces
 85752 | Vaults:5 | Got a silver rune of Zot
 86308 | Vaults:5 | Identified the +4 dire flail of the Eternal Warrior {vamp,
                  | *Noise rC+ Will+ Str+3}
 87012 | Slime:1  | Entered Level 1 of the Pits of Slime
 88364 | Vaults:5 | Noticed a golden dragon
 88388 | Vaults:5 | Killed a golden dragon
 88830 | Vaults:5 | Identified the Folio of Unholy Conduction
 89826 | Vaults:5 | Killed Boris
 90924 | Lair:1   | Acquired 627 gold pieces
 91043 | Depths:1 | Entered Level 1 of the Depths
 91538 | Depths:1 | Found a one-way gate leading to the halls of Pandemonium.
 91979 | Depths:1 | Reached skill level 5 in Shields
 92812 | D:10     | You paid a toll of a +6 demon whip to enter a treasure
                  | trove
 92813 | Trove    | Entered a treasure trove
 92815 | Trove    | Identified the ring of Kokuagh {rPois rC+++ Will+ Int-4
                  | Slay-5}
 92815 | Trove    | Identified the ring "Jaorr" {rF+ Will+ Str-3 Int+9 Dex-3}
 92815 | Trove    | Identified the amulet "Aggocwal" {RegenMP Dex+10}
 92816 | Trove    | Identified the amulet of Zenliy {RegenMP +Inv rN+}
 93066 | Depths:1 | Found a gateway to Hell.
 93184 | Depths:1 | Found a shimmering altar of Xom.
 93215 | Depths:1 | Found a one-way gate to the infinite horrors of the Abyss.
 93937 | Depths:3 | Found Putil's Jewellery Emporium.
 94793 | Depths:2 | Reached XP level 24. HP: 157/229 MP: 35/39
 95507 | Depths:3 | Noticed Saint Roka
 95521 | Depths:3 | Killed Saint Roka
 95847 | Depths:3 | Found Agouteh's Book Boutique.
 95878 | Depths:3 | Found a one-way gateway to a ziggurat.
 95933 | Depths:3 | Found Buecubim's General Store.
 95941 | Depths:3 | Bought a scroll of summoning for 218 gold pieces
 95992 | Depths:3 | Found Yvaxt's Jewellery Shoppe.
 96010 | Depths:3 | Noticed Boris
 96018 | Depths:3 | Killed Boris
 97253 | Depths:3 | Learned a level 7 spell: Orb of Destruction
 97991 | Depths:3 | Found Ohasuak's Weapon Shoppe.
 98010 | Depths:3 | Found Benkobba's Assorted Antiques.
 98045 | Depths:3 | Identified the +4 ring mail of Qiutad {Will+ Int+2 Dex-3
                  | SInv}
 98580 | Depths:4 | Entered Level 4 of the Depths
 99129 | Depths:4 | Noticed a juggernaut
 99506 | Depths:4 | Killed a juggernaut
100121 | Depths:4 | Reached skill level 15 in Air Magic
100561 | Depths:4 | Reached skill level 15 in Conjurations
100562 | Depths:4 | Found a gate to the Realm of Zot.
101392 | Lair:1   | Acquired 1019 gold pieces
101512 | Shoals:2 | Bought a potion of magic for 168 gold pieces
101512 | Shoals:2 | Bought a potion of might for 84 gold pieces
101518 | Shoals:2 | Bought a potion of haste for 190 gold pieces
101518 | Shoals:2 | Bought a potion of haste for 190 gold pieces
102022 | Slime:1  | Reached XP level 25. HP: 236/236 MP: 27/40
102100 | Slime:2  | Gained mutation: [You do not regenerate when monsters are
                  | visible.] [a shining eye]
102101 | Slime:2  | Gained mutation: You passively dampen the noise of your
                  | surroundings. [a shining eye]
102105 | Slime:1  | Lost mutation: [You do not regenerate when monsters are
                  | visible.] [potion of mutation]
102105 | Slime:1  | Lost mutation: You passively dampen the noise of your
                  | surroundings. [potion of mutation]
102105 | Slime:1  | Gained mutation: You have sharp fingernails. [potion of
                  | mutation]
102105 | Slime:1  | Gained mutation: You are agile. (Dex +4, Str/Int -1)
                  | [potion of mutation]
102272 | Slime:2  | Gained mutation: Potions are less effective at restoring
                  | your health. [a shining eye]
102275 | Slime:2  | Gained mutation: [Your magical capacity is low. (-10% MP)]
                  | [a shining eye]
102279 | Slime:1  | Lost mutation: You have sharp fingernails. [potion of
                  | mutation]
102279 | Slime:1  | Lost mutation: Potions are less effective at restoring your
                  | health. [potion of mutation]
102279 | Slime:1  | Lost mutation: [Your magical capacity is low. (-10% MP)]
                  | [potion of mutation]
102279 | Slime:1  | Gained mutation: Your flesh is cold resistant. (rC+)
                  | [potion of mutation]
102279 | Slime:1  | Gained mutation: Your spells are a little harder to cast,
                  | but a little more powerful. [potion of mutation]
102279 | Slime:1  | Gained mutation: [You occasionally lose the ability to
                  | drink potions when taking damage.] [potion of mutation]
102280 | Slime:1  | Lost mutation: Your flesh is cold resistant. (rC+) [potion
                  | of mutation]
102280 | Slime:1  | Lost mutation: You are agile. (Dex +4, Str/Int -1) [potion
                  | of mutation]
102280 | Slime:1  | Gained mutation: Your flesh is cold resistant. (rC+)
                  | [potion of mutation]
102281 | Slime:1  | Lost mutation: Your spells are a little harder to cast, but
                  | a little more powerful. [potion of mutation]
102281 | Slime:1  | Lost mutation: [You occasionally lose the ability to drink
                  | potions when taking damage.] [potion of mutation]
102281 | Slime:1  | Lost mutation: Your flesh is cold resistant. (rC+) [potion
                  | of mutation]
102281 | Slime:1  | Gained mutation: [Your magical capacity is low. (-10% MP)]
                  | [potion of mutation]
102284 | Slime:1  | Lost mutation: [Your magical capacity is low. (-10% MP)]
                  | [potion of mutation]
102284 | Slime:1  | Gained mutation: You are partially covered in iridescent
                  | scales. (AC +2) [potion of mutation]
102284 | Slime:1  | Gained mutation: [You sometimes lose your temper in
                  | combat.] [potion of mutation]
102285 | Slime:1  | Lost mutation: You are partially covered in iridescent
                  | scales. (AC +2) [potion of mutation]
102285 | Slime:1  | Lost mutation: [You sometimes lose your temper in combat.]
                  | [potion of mutation]
102285 | Slime:1  | Gained mutation: You are clumsy. (Dex -2) [potion of
                  | mutation]
102286 | Slime:1  | Lost mutation: You are clumsy. (Dex -2) [potion of
                  | mutation]
102286 | Slime:1  | Gained mutation: Your spells are a little harder to cast,
                  | but a little more powerful. [potion of mutation]
102615 | Slime:3  | Gained mutation: [You are weak. (Str -2)] [a shining eye]
102616 | Slime:3  | Gained mutation: You are clumsy. (Dex -2) [a shining eye]
103382 | Slime:5  | Entered Level 5 of the Pits of Slime
104343 | Slime:5  | Noticed the Royal Jelly
106461 | Slime:5  | Killed the Royal Jelly
106491 | Slime:5  | Identified the cursed +2 helmet of Apeoromancy {Int+3, Cun,
                  | Bglg} (You found it on level 6 of the Lair of Beasts)
106634 | Slime:5  | Found the +8 mithril axe "Arga" {speed, Will+}
106635 | Slime:5  | Identified the +5 scale mail of Piwnej {+Inv rN++ Str-5
                  | SInv}
106635 | Slime:5  | Identified the +3 scale mail of Cheibriados, Hugging
                  | {Regen+ Dex+5}
106652 | Slime:5  | Identified the +4 mace "Heikhlabe" {freeze, SInv}
106674 | Slime:5  | Identified the Octavo of Graupel and Terra Firma
106713 | Slime:5  | Got a slimy rune of Zot
107145 | Lair:1   | Acquired 682 gold pieces
107322 | Hell     | Entered the Vestibule of Hell
107322 | Hell     | Noticed Geryon
107475 | Depths:2 | Voluntarily entered the Abyss.
107588 | Abyss:2  | Found a corrupted altar of Lugonu.
107762 | Abyss:2  | Gained mutation: Potions are less effective at restoring
                  | your health. [a neqoxec]
107814 | Abyss:2  | Found a corrupted altar of Lugonu.
107827 | Abyss:2  | Lost mutation: Your spells are a little harder to cast, but
                  | a little more powerful. [potion of mutation]
107827 | Abyss:2  | Lost mutation: [You are very weak. (Str -4)] [potion of
                  | mutation]
107827 | Abyss:2  | Gained mutation: Your skin changes colour to match your
                  | surroundings (Stealth+). [potion of mutation]
108132 | Abyss:3  | Lost mutation: Your skin changes colour to match your
                  | surroundings (Stealth+). [potion of mutation]
108132 | Abyss:3  | Lost mutation: You are clumsy. (Dex -2) [potion of
                  | mutation]
108132 | Abyss:3  | Gained mutation: You have hidden genetic defects. [potion
                  | of mutation]
108132 | Abyss:3  | Gained mutation: Your spells are a little harder to cast,
                  | but a little more powerful. [potion of mutation]
108133 | Abyss:3  | Lost mutation: You have hidden genetic defects. [potion of
                  | mutation]
108133 | Abyss:3  | Lost mutation: Potions are less effective at restoring your
                  | health. [potion of mutation]
108133 | Abyss:3  | Gained mutation: You have hidden genetic defects. [potion
                  | of mutation]
108134 | Abyss:3  | Lost mutation: You have hidden genetic defects. [potion of
                  | mutation]
108134 | Abyss:3  | Lost mutation: Your spells are a little harder to cast, but
                  | a little more powerful. [potion of mutation]
108134 | Abyss:3  | Gained mutation: Your muscles are strong. (Str +4, Int/Dex
                  | -1) [potion of mutation]
108134 | Abyss:3  | Gained mutation: [You sometimes lose your temper in
                  | combat.] [potion of mutation]
108134 | Abyss:3  | Gained mutation: Your body sometimes deteriorates upon
                  | taking damage. [potion of mutation]
108134 | Abyss:3  | Gained mutation: You are strong-willed. (Will+) [potion of
                  | mutation]
108135 | Abyss:3  | Lost mutation: [You sometimes lose your temper in combat.]
                  | [potion of mutation]
108135 | Abyss:3  | Lost mutation: Your muscles are strong. (Str +4, Int/Dex
                  | -1) [potion of mutation]
108135 | Abyss:3  | Gained mutation: You have hidden genetic potential. [potion
                  | of mutation]
108135 | Abyss:3  | Gained mutation: Your mind is acute. (Int +4, Str/Dex -1)
                  | [potion of mutation]
108168 | Depths:2 | Escaped the Abyss
108774 | Crypt:1  | Entered Level 1 of the Crypt
109253 | Crypt:1  | Acquired 693 gold pieces
109751 | Crypt:1  | Reached skill level 15 in Spellcasting
110485 | Crypt:2  | Noticed Bai Suzhen
111019 | Crypt:2  | Killed Bai Suzhen
111578 | Crypt:2  | Reached XP level 26. HP: 244/244 MP: 22/42
111578 | Crypt:2  | Noticed Sojobo
111583 | Crypt:2  | Killed Sojobo
111953 | Crypt:2  | Identified the +6 long sword of World's End {pain, rN+
                  | Str+3}
112802 | Crypt:2  | Identified the amulet of the Cricket {Reflect rC++ Regen+
                  | rCorr Str-4 SH+5}
113088 | Crypt:3  | Entered Level 3 of the Crypt
113387 | Crypt:3  | Found an ancient bone altar of Kikubaaqudgha.
114111 | Crypt:3  | Found a staircase to the Tomb.
114145 | Crypt:3  | Identified Kikubaaqudgha's Reference Book on Wicked Secrets
114546 | Crypt:3  | Gained mutation: Your spells are a little harder to cast,
                  | but a little more powerful. [hidden potential]
114589 | Crypt:3  | Identified the ring "Riustruo" {Fly Str-2 Int+7 Dex+7}
115284 | Depths:1 | Voluntarily entered the Abyss.
115286 | Abyss:3  | Found a corrupted altar of Lugonu.
115290 | Abyss:3  | Found a corrupted altar of Lugonu.
115416 | Abyss:3  | Lost mutation: Your spells are a little harder to cast, but
                  | a little more powerful. [a neqoxec]
115705 | Depths:1 | Escaped the Abyss
115917 | Depths:1 | Voluntarily entered the Abyss.
115969 | Abyss:4  | Noticed a dread lich
115983 | Abyss:4  | Killed a dread lich
116023 | Abyss:4  | Killed from afar by a Hell Sentinel

Illustrated notes

Levels and vault maps discovered:
D:1:      dpeg_arrival_ratfight, layout_loops_corners,
          dreamdust_ecumenical_altar_hidden_monk_grotto, serial_shops, shop
D:2:      layout_loops_ring, chequers_serial_rivers_micro_d, minmay_surrounded
D:3:      layout_loops_ring, serial_shops, shop, minmay_misc_feat_five,
          uniq_robin, uniq_sigmund
D:4:      layout_layer_cave, old_standard_altar, mainiacjoe_overflow_catwalk,
          kennysheep_opposing_triangles
D:5:      layout_basic, mainiacjoe_overflow_paths, marbit_many_paths,
          minivault_14, uniq_blork_the_orc
D:6:      layout_loops_ring, nicolae_ashenzari_panopticon, old_standard_altar,
          grunt_decor_junction, lexackson_kobold_supper
D:7:      layout_loops_corners, grunt_temple_overflow_open, temple_statues,
          serial_bayou_lagoon_a, uniq_crazy_yiuf_cottage, uniq_duvessa
D:8:      lemuel_bear_cage, layout_basic, mainiacjoe_overflow_cross_hatched,
          nicolae_ossuary_entry_plus, uniq_maurice, uniq_pikel
D:9:      layout_roguey
D:10:     layout_rooms, david_orc_3, nicolae_trove_entry_crossroad,
          chequers_serial_rivers_micro_b, uniq_harold
D:11:     layout_layer_cave, dpeg_oklobed_lair
D:12:     layout_irregular_city, eino_jars, uniq_nergalle
D:13:     layout_irregular_city, skrybe_vaults_entry_preservation, serial_shops,
          kennysheep_little_box, uniq_snorg
D:14:     minmay_distorted_concentric_squares, layout_basic, tso_altar,
          uniq_azrael
D:15:     gammafunk_enter_depths_forms, layout_cave_pools, serial_column_ruins,
          column_ruins_hut, column_ruins_hut_pillars,
          column_ruins_columns_straight, column_ruins_open_tiny,
          column_ruins_columns_straight, column_ruins_columns_dead_end,
          column_ruins_open_medium, dreamdust_wishing_well, minivault_15,
          uniq_agnes
Lair:1:   layout_long_grid, infiniplex_staircase_pool
Lair:2:   layout_cave_pods, shoals_dummy_entry,
          hellmonk_spider_entry_not_the_bees
Lair:3:   cheibrodos_lair_river_kwai, layout_small_grid, serial_rivers,
          chequers_serial_rivers_room_a, chequers_serial_rivers_small_b,
          chequers_serial_rivers_large_b, chequers_serial_rivers_room_a,
          enter_volcano_1
Lair:4:   layout_loops_ring, chequers_serial_rivers_room_a,
          minmay_lindwurm_lava, lemuel_fruit_fields
Lair:5:   layout_regular_city, minmay_slime_entry_pillars, wad_woods_road_02
Lair:6:   wormcave, layout_cave_pods, hangedman_lair_in_review,
          patterned_corridor
Shoals:1: layout_shoals, serial_shops,
          nicolae_shop_temple_entry_statues_fountains,
          nicolae_shoals_circle_sea_wall, uniq_roxanne
Shoals:2: layout_shoals, serial_shops, shop, nicolae_shop_crystal, shop, shop,
          shop, uniq_polyphemus, uniq_frances, uniq_louise
Shoals:3: layout_shoals
Shoals:4: shoals_end_simple, layout_shoals,
          nicolae_shoals_beach_house_on_fowls_legs
Spider:1: layout_spider_delve, nicolae_spider_shape
Spider:2: layout_cave_pods, nicolae_spider_cling_halls, uniq_kirke
Spider:3: layout_spider_delve, drop_trap, hive_lemuel
Spider:4: grunt_spider_rune_circles
Slime:1:  layout_caves
Slime:2:  layout_caves, nicolae_slime_round_cave
Slime:3:  layout_caves
Slime:4:  layout_caves, cheibrodos_slime_lost_civilization_7
Slime:5
Orc:1:    layout_diamond_mine, uniq_fannar, uniq_gastronok
Orc:2:    st_orc_pillars, layout_caves
Elf:1:    elf_arrival_002, layout_geoelf_octagon, orc_legates
Elf:2:    nicolae_elf_blades_crystal_corner, layout_loops_corners, serial_shops,
          shop, hangedman_feature_mirror, uniq_aizul
Elf:3:    elf_hall, layout_gridlike
Vaults:1: v_alt_pattern_5, v_misc_11, vaults_mumra_hex,
          nicolae_vaults_little_squares_1, nicolae_vaults_twisting_passages,
          vaults_room_door_ring, v_misc_10, layout_vaults_big_room
Vaults:2: minmay_crypt_entry_necro_gods, nicolae_vaults_triangles,
          nicolae_vaults_network_star, nicolae_vaults_inception_scallops,
          hangedman_vaults_nodes, hangedman_vaults_maws, v_misc_9,
          hangedman_vaults_capsules, vaults_dpeg_hooks,
          ontoclasm_vaults_claustrophobia, vaults_room_stairs_pillars,
          layout_vaults_maze_bifur
Vaults:3: hangedman_vaults_nails, ontoclasm_vaults_spin,
          ontoclasm_vaults_ring_square, nicolae_vaults_angled_halls,
          vaults_dpeg_spiral, ontoclasm_vaults_ring_square,
          layout_vaults_omnigrid
Vaults:4: nicolae_vaults_ninety_degrees, ontoclasm_vaults_pinch,
          nicolae_vaults_windows_and_doors_thing, hangedman_vaults_nails,
          hangedman_vaults_corner_blocks, dpeg_vaults_monster_row,
          hangedman_vaults_trim, ontoclasm_vaults_ring_small,
          grunt_vaults_twisty, layout_vaults_omnibox
Vaults:5: uniq_boris
Crypt:1:  layout_gridlike, grunt_crypt_arrival_split, grunt_megastairs_1
Crypt:2:  layout_chaotic_city, beargit_elvish_explorers, lemuel_upstairs_altar,
          uniq_sojobo, uniq_bai_suzhen
Crypt:3:  grunt_crypt_end_deaths_head
Depths:1: layout_cave_pools, rand_demon_pan_entry_8, lightli_too_deep,
          serial_bayou_shore_b, abyss_entry_small_statue_room,
          hangedman_abyss_or_decor_stagger, tgw_xom
Depths:2: minmay_curly_fans, layout_gridville, pan_entry, abyss_entry,
          kennysheep_boxes, hell_entry
Depths:3: minmay_triangles_in_corner, layout_gridlike, enter_ziggurat_f,
          hellmouth_3, serial_glass, glass_columns_c, glass_columns_b,
          serial_shops, nicolae_shop_crystal, kennysheep_mini, shop, shop,
          nicolae_shop_advertising_works [nicolae_subvault_shop_adworks],
          abyss_entry, minmay_shop_grid_forest, uniq_saint_roka
Depths:4: grunt_zot_entry_alcove, layout_basic, hell_entry
Hell
Abyss:4:  base: D:9, minivault_25, minivault_11, base: Spider:3, base: Spider:1,
          minivault_23, hangedman_abyss_theft,
          hangedman_abyss_or_decor_lesser_grid, spicy_abyss_helpful_harpoons,
          minivault_23, grunt_abyss_rune_wretched_hive

Skill      XL: |  1  2  3  4  5  6  7  8  9 10 11 12 13 14 15 16 17 18 19 20 21 22 23 24 25 26 |
---------------+-------------------------------------------------------------------------------+-----
Throwing       | 2 |  2.0
Dodging        | 1 4 7 9 11 12 | 12.2
Stealth        | 6 7 8 9 10 11 | 11.1
Spellcasting   | 1 2 3 4 5 6 7 9 10 11 12 13 15 16 | 16.7
Ice Magic      | 1 2 3 5 6 7 |  7.5
Fighting       | 3 4 5 6 7 8 10 11 12 13 14 15 16 | 16.0
Summonings     | 2 4 5 |  5.7
Necromancy     | 2 4 5 |  5.6
Armour         | 1 3 4 6 8 9 10 | 10.0
Air Magic      | 3 6 8 9 10 13 15 17 18 | 18.5
Earth Magic    | 3 5 8 10 11 | 11.0
Evocations     | 3 5 7 |  7.7
Shields        | 2 7 9 |  9.0
Unarmed Combat | 8 12 13 | 13.9
Conjurations   | 5 9 10 13 15 16 18 | 18.4
Fire Magic     | 7 14 20 | 20.3
Short Blades   | |  2.1

Action                   |  1- 3 |  4- 6 |  7- 9 | 10-12 | 13-15 | 16-18 | 19-21 | 22-24 | 25-27 || total
-------------------------+-------+-------+-------+-------+-------+-------+-------+-------+-------++-------
Melee: Dagger            |    21 |       |     2 |       |       |       |       |    49 |    23 ||    95
       Short sword       |    20 |    44 |       |       |       |       |       |       |       ||    64
       Mace              |       |    55 |   246 |   243 |       |       |       |       |       ||   544
       Punch             |       |     1 |     2 |     3 |     9 |       |       |       |       ||    15
       Rapier            |       |       |       |   119 |   178 |       |       |       |       ||   297
       Constrict         |       |       |       |       |   130 |   171 |   196 |   110 |   111 ||   718
       Morningstar       |       |       |       |       |   321 |   611 |   837 |   849 |   751 ||  3369
Throw: Dart              |     5 |    14 |    14 |     5 |       |     2 |       |     1 |       ||    41
       Throwing net      |       |       |       |     2 |       |     2 |       |       |     1 ||     5
 Cast: Frozen Ramparts   |       |       |     3 |    49 |    90 |    61 |    58 |    36 |     5 ||   302
       Summon Ice Beast  |       |       |       |    47 |    47 |    14 |     4 |     3 |     1 ||   116
       Airstrike         |       |       |       |    13 |   226 |   624 |   446 |   288 |    21 ||  1618
       Ozocubu's Armour  |       |       |       |       |    19 |    37 |    34 |    42 |    11 ||   143
       Stone Arrow       |       |       |       |       |    29 |     4 |       |     3 |       ||    36
       Sublimation of Bl |       |       |       |       |       |     9 |     2 |    14 |    11 ||    36
       Fireball          |       |       |       |       |       |       |    21 |    84 |     3 ||   108
       Ignition          |       |       |       |       |       |       |       |   127 |   125 ||   252
       Orb of Destructio |       |       |       |       |       |       |       |    48 |   141 ||   189
Invok: Curse Item        |       |       |     1 |       |     1 |     2 |       |       |       ||     4
       Shatter the Chain |       |       |       |       |       |       |       |       |     1 ||     1
 Abil: Spit Poison       |    24 |    19 |     7 |    19 |    19 |    17 |     6 |     9 |       ||   120
Evoke: Wand              |       |       |       |     7 |    10 |     4 |    17 |     9 |       ||    47
       Condenser vane    |       |       |       |       |       |       |     3 |       |     1 ||     4
  Use: Scroll            |       |     6 |     7 |    19 |    10 |     4 |     8 |    18 |    12 ||    84
       Potion            |       |       |     1 |     6 |     4 |    15 |     8 |    26 |    28 ||    88
 Stab: Sleeping          |     4 |     6 |    11 |    11 |    12 |     1 |    11 |     5 |     3 ||    64
       Distracted        |       |       |       |     2 |     2 |     6 |       |       |     1 ||    11
       Invisible         |       |       |       |     3 |       |       |       |       |       ||     3
Armor: Robe              |     6 |       |       |       |       |       |       |       |       ||     6
       Ring mail         |     1 |    53 |   173 |   218 |   417 |  1132 |  1133 |   766 |   803 ||  4696
       Skin              |       |       |       |    21 |       |       |       |       |     5 ||    26
       Leather armour    |       |       |       |       |       |       |       |   105 |       ||   105
       Acid dragon scale |       |       |       |       |       |       |       |    10 |    36 ||    46
Dodge: Dodged            |    22 |    50 |   158 |   161 |   274 |   627 |   859 |   571 |   455 ||  3177
Block: Other             |       |     3 |    77 |   109 |   163 |     2 |       |       |       ||   354
       Reflection        |       |       |     4 |     3 |     2 |    10 |    42 |    29 |    16 ||   106
       Buckler           |       |       |       |       |       |   796 |   805 |   378 |       ||  1979
       Kite shield       |       |       |       |       |       |       |       |   500 |  1257 ||  1757

Table legend: (Time is in decaauts)
 A = Elapsed time spent in this place.
 B = Non-inter-level travel time spent in this place.
 C = Inter-level travel time spent in this place.
 D = Time resting spent in this place.
 E = Time spent auto-exploring this place.
 F = Levels seen in this place.
 G = Mean time per level.
                   A        B        C        D        E       F      G
               +--------+--------+--------+--------+--------+-----+--------+
         Total | 139607 | 124601 |  15006 |  47390 |  47469 |  61 | 2288.6 |
       Dungeon |  30494 |  25139 |   5355 |   6140 |  13257 |  15 | 2032.9 |
          Lair |  18824 |  15503 |   3321 |   5605 |   6493 |   6 | 3137.3 |
        Shoals |  11520 |  10288 |   1232 |   4298 |   4178 |   4 | 2880.0 |
   Spider Nest |  10455 |   9868 |    587 |   4783 |   3006 |   4 | 2613.8 |
    Slime Pits |   5298 |   4831 |    467 |   2432 |   1374 |   5 | 1059.6 |
  Orcish Mines |   5674 |   5123 |    551 |   2467 |   1385 |   2 | 2837.0 |
   Elven Halls |  10018 |   9626 |    392 |   4340 |   2899 |   3 | 3339.3 |
        Vaults |  23540 |  21683 |   1857 |   9264 |   6776 |   5 | 4708.0 |
         Crypt |   7713 |   7479 |    234 |   1764 |   3703 |   3 | 2571.0 |
        Depths |  12676 |  11672 |   1004 |   5323 |   4080 |   4 | 3169.0 |
          Hell |      1 |      1 |      0 |      0 |      0 |   1 |    1.0 |
         Abyss |   1677 |   1677 |      0 |    297 |     87 |   6 |  279.5 |
         Trove |     57 |     57 |      0 |      0 |      0 |   1 |   57.0 |
       Ossuary |   1020 |   1020 |      0 |    283 |    226 |   1 | 1020.0 |
       Volcano |    634 |    634 |      0 |    390 |      0 |   1 |  634.0 |
               +--------+--------+--------+--------+--------+-----+--------+

Top non-repeatable levels by time:
Vaults:5: 8652 daAuts
Vaults:2: 4810 daAuts
   Elf:2: 4540 daAuts
  Lair:6: 4434 daAuts
Depths:3: 4201 daAuts
  Lair:2: 3844 daAuts
Spider:3: 3748 daAuts
Vaults:1: 3625 daAuts
    D:11: 3564 daAuts
Vaults:3: 3432 daAuts
Shoals:2: 3388 daAuts
  Lair:1: 3373 daAuts
Depths:2: 3340 daAuts
Spider:2: 3147 daAuts
    D:13: 3106 daAuts
